 Dungeon Crawl Stone Soup version 0.29-a0-398-ge13fd1374b (webtiles) character file.

Game seed: 16879188408166463234

33 runemasterragnar the Skirmisher (level 3, -1/26 HPs)
             Began as an Octopode Fighter on May 13, 2022.
             Slain by an iguana (3 damage)
             ... on level 2 of the Dungeon.
             The game lasted 00:00:50 (1154 turns).

runemasterragnar the Skirmisher (Octopode Fighter)  Turns: 1154, Time: 00:00:50

Health: -1/26      AC:  1    Str: 15    XL:     3   Next: 29%
Magic:  3/3        EV: 13    Int: 12    God:
Gold:   79         SH:  4    Dex: 11    Spells: 2/2 levels left

rFire   . . .      SeeInvis .   a - +0 long sword
rCold   . . .      Faith    .   b - +0 buckler
rNeg    . . .      Spirit   .   (helmet restricted)
rPois   .          Reflect  .   (no amulet)
rElec   .          Harm     .   (no ring)
rCorr   .          Rampage  .   (no ring)
Will    .....                   (no ring)
Stlth   ++........              (no ring)
HPRegen 0.08/turn               (no ring)
MPRegen 0.08/turn               (no ring)
                                (no ring)
                                (no ring)

@: no status effects
A: almost no armour, amphibious, 8 rings, camouflage 1, gelatinous body 1,
(nimble swimmer 1), tentacles
a: no special abilities


You were on level 2 of the Dungeon.
You visited 1 branch of the dungeon, and saw 2 of its levels.

You collected 79 gold pieces.

Inventory:

Hand Weapons
 a - a +0 long sword (weapon)
Armour
 b - a +0 buckler (worn)
Jewellery
 d - a ring of wizardry
 h - an amulet of the acrobat
Scrolls
 f - a scroll of immolation {unknown}
 i - a scroll of blinking {unknown}
Potions
 c - a potion of might
 e - 2 potions of lignification {unknown}
 g - a potion of curing {unknown}


   Skills:
 + Level 3.2 Fighting
 * Level 2.7 Long Blades
 + Level 3.1 Dodging
 + Level 1.0 Stealth
 + Level 3.1 Shields
 + Level 0.5 Unarmed Combat


You had 2 spell levels left.
You didn't know any spells.
Your spell library contained the following spells:

 Spells                   Type           Power      Damage    Failure   Level
 Conjure Flame            Conj/Fire      0%         6-21      78%         3
 Ignite Poison            Fire/Tmut/Pois 0%         N/A       78%         3
 Sticky Flame             Conj/Fire      0%         2d3       99%         4


Dungeon Overview and Level Annotations

Branches:
Dungeon (2/15)

Altars:

Shops:
D:1 (


Innate Abilities, Weirdness & Mutations

You cannot wear most types of armour.
You are amphibious.
You can wear up to eight rings at the same time.
Your skin changes colour to match your surroundings (Stealth+).
Your rubbery body absorbs attacks. (AC +1, EV +1)
((You are camouflaged when in or above water. (Stealth+)))
You have tentacles for arms and can constrict up to eight enemies at once.


Message History

You kill the goblin!
Your Stealth skill increases to level 1!
Things that are here:
a +0 dagger; a goblin corpse No target in view!
You now have 72 gold pieces (gained 11).
Done exploring.
No target in view!
Done exploring.
Done exploring.
(D) Dungeon
Where to? (? - help)
What level of the Dungeon? (default 1, ? - help)
Things that are here:
a +0 dagger; a goblin corpse
There is a stone staircase leading down here.
You climb downwards.
There is a stone staircase leading up here.
Found 16 stones.
You now have 79 gold pieces (gained 7).
An iguana comes into view.
The iguana hisses angrily.
An iguana is nearby!
An iguana is nearby!
The iguana bites you!
Ouch! That really hurt!
You are too injured to fight recklessly!
An iguana is nearby!
You are too injured to fight recklessly!
An iguana is nearby!
You are too injured to fight recklessly!
You are too injured to fight recklessly!
An iguana is nearby!
You completely miss the iguana. Your grab misses the iguana.
The iguana bites you!
* * * LOW HITPOINT WARNING * * *
You barely miss the iguana. You grab the iguana.
You constrict the iguana, but do no damage.
The iguana bites you.
You die...

#....#..#.#......#
#.....#.#..#.########
#.#####.#..#.# #
#....#.# ####.#.#
#.#.# #.#.#
#.########.#
#...l@.....#
############


You could see an iguana.

Vanquished Creatures
  4 ball pythons (D:1)
  3 endoplasms (D:1)
  3 giant cockroaches (D:1)
  3 goblins (D:1)
  5 hobgoblins (D:1)
  A bat (D:1)
  3 frilled lizards (D:1)
  5 kobolds (D:1)
  2 rats (D:1)
29 creatures vanquished.

Notes
Turn   | Place    | Note
-------+----------+-------------------------------------------
     0 | D:1      | runemasterragnar the Octopode Fighter began the quest for
                  | the Orb.
     0 | D:1      | Reached XP level 1. HP: 16/16 MP: 1/1
    99 | D:1      | Reached XP level 2. HP: 8/21 MP: 2/2
   562 | D:1      | Found Gyodojowk's Antique Weapon Boutique.
   636 | D:1      | Reached XP level 3. HP: 25/26 MP: 3/3
   744 | D:1      | Found a faded altar of an unknown god.
  1065 | D:1      | Reached skill level 1 in Stealth
  1154 | D:2      | Slain by an iguana

Illustrated notes

Levels and vault maps discovered:
D:1:      tarquinn_simple_flora_water_c, layout_loops_cross, serial_shops, shop,
          hellmonk_ecumenical_altar_leap_of_faith
D:2:      layout_basic, minmay_misc_feat_roman

Skill      XL: |  1  2  3 |
---------------+----------+-----
Stealth        | 1 |  1.0
Fighting       | |  3.2
Long Blades    | |  2.7
Dodging        | |  3.1
Shields        | |  3.1
Unarmed Combat | |  0.5

Action                   || total
-------------------------++-------
Melee: Long sword        ||    53
       Constrict         ||    12
       Tentacles         ||    10
 Stab: Sleeping          ||     6
Armor: Skin              ||     3
Dodge: Dodged            ||    33
Block: Buckler           ||     5

Table legend: (Time is in decaauts)
 A = Elapsed time spent in this place.
 B = Non-inter-level travel time spent in this place.
 C = Inter-level travel time spent in this place.
 D = Time resting spent in this place.
 E = Time spent auto-exploring this place.
 F = Levels seen in this place.
 G = Mean time per level.
                   A        B        C        D        E       F      G
               +--------+--------+--------+--------+--------+-----+--------+
         Total |   1171 |   1162 |      9 |      0 |    996 |   2 |  585.5 |
       Dungeon |   1171 |   1162 |      9 |      0 |    996 |   2 |  585.5 |
               +--------+--------+--------+--------+--------+-----+--------+

Top non-repeatable levels by time:
     D:1: 1135 daAuts
     D:2: 35 daAuts
